Map: Ulrena

Players

Hellscream

  • Race: Zerg Zerg
  • League: Silver
  • Spawn Location: 7:00

zidar - Winner!

  • Race: Zerg Zerg
  • League: Silver
  • Spawn Location: 11:00

VOD

Have the link to the VOD?

Description

Time

  • Played on: Nov. 27, 2015, 8:30 a.m.
  • Length: 4:37
Show
View Real Time Build Order
Export as new Build Order

Hellscream Zerg 

Build Orders: Hatch First 

Get SALT Encoding   

  12  0:06  Drone  
  13  0:17  Overlord  
  13  0:21  Drone  
  14  0:45  Hatchery  
  13  0:50  Drone  
  14  1:04  Spawning Pool  
  14  1:06  Drone  
  14  1:12  Drone  
  14  1:14  Drone  
  16  1:21  Extractor  
  16  1:22  Drone  
  16  1:31  Drone  
  17  1:39  Drone  
  18  1:50  Drone  
  18  1:51  Queen  
  21  1:58  Drone  
  21  2:00  Queen  
  24  2:22  Spine Crawler, Drone x2  
  25  2:23  Spine Crawler  
  24  2:31  Lair  
  24  2:36  Drone  
  25  2:46  Drone  
  25  2:50  Extractor, Drone x2  
  27  2:54  Drone  
  28  2:58  Extractor, Drone  
  28  3:10  Overlord x2  
  28  3:28  Extractor, Drone x4  
  31  3:35  Drone x3  
  34  3:48  Spire  
Show
View Real Time Build Order
Export as new Build Order

zidar Zerg - Winner!

Build Orders: Pool First 

Get SALT Encoding   

  12  0:02  Drone  
  13  0:10  Drone  
  14  0:17  Overlord  
  14  0:21  Extractor  
  13  0:23  Drone  
  15  0:38  Drone x2  
  17  0:48  Spawning Pool  
  17  0:49  Drone  
  17  0:54  Extractor  
  17  0:56  Drone  
  17  1:14  Overlord  
  17  1:17  Drone  
  18  1:33  Drone  
  18  1:35  Queen  
  21  1:48  Zergling x2  
  21  1:52  Zergling x2  
  23  2:03  Zergling x2  
  24  2:10  Metabolic Boost  
  24  2:16  Zergling x2  
  25  2:34  Zergling x2  
  25  2:35  Zergling x2  
  27  2:48  Overlord  
  27  2:51  Zergling x6  
  30  3:08  Zergling x2  
  30  3:11  Hatchery  
  30  3:14  Zergling x2  
  30  3:17  Zergling x2  
  30  3:18  Zergling x4  
  31  3:59  Zergling x2  
  31  4:00  Zergling x10  
Tags
 
Matchup
ZvZ
Race
Zerg
Spawn Locations
Close Positions
Add a new tag
Caveats
  • Supply blocks, unpowered buildings, or Contaminate may cause inaccurate times.
  • Supply counts are checked every 10 seconds.